 Dungeon Crawl Stone Soup version 0.32-a0-876-gcfddb08e57 (webtiles) character file.

Game seed: 3674822403879110612

798 Fodor the Chopper (level 7, -4/61 HPs)
             Began as a Minotaur Fighter on Mar 31, 2024.
             Slain by Pikel
             ... wielding a +2 whip of flaming
              (7 damage)
             ... on level 6 of the Dungeon.
             The game lasted 00:11:26 (4257 turns).

Fodor the Chopper (Minotaur Fighter)                Turns: 4257, Time: 00:11:27

Health: -4/61      AC: 11    Str: 22    XL:     7   Next: 58%
Magic:  6/6        EV:  7    Int:  5    God:
Gold:   375        SH:  4    Dex: 10    Spells: 6/6 levels left

rFire   . . .        a - +0 war axe
rCold   . . .        c - +0 buckler
rNeg    . . .        b - +0 chain mail
rPois   .            (helmet restricted)
rElec   .            (no cloak)
rCorr   .            n - +0 pair of gloves
SInv    .            (no boots)
Will    .....        y - amulet of the acrobat Stlth
                     (no ring)
HPRegen 0.30/turn    (no ring)
MPRegen 0.10/turn

%: acrobat
@: mighty
A: horns 2, retaliatory headbutt
a: no special abilities


You were on level 6 of the Dungeon.
You visited 1 branch of the dungeon, and saw 6 of its levels.

You collected 375 gold pieces.

Inventory:

Hand Weapons
 a - a +0 war axe (weapon)
 j - a +1 dire flail of protection
Armour
 b - a +0 chain mail (worn)
 c - a +0 buckler (worn)
 n - a +0 pair of gloves (worn)
Jewellery
 t - an amulet of reflection
 y - an amulet of the acrobat (around neck)
Wands
 v - a wand of digging (6)
 w - a wand of iceblast (6)
 x - a wand of polymorph (3)
Scrolls
 e - a scroll of enchant armour {unknown}
 f - 3 scrolls of teleportation {unknown}
 g - 3 scrolls of vulnerability {unknown}
 h - a scroll of amnesia {unknown}
 m - 3 scrolls of immolation {unknown}
 p - 2 scrolls of revelation {unknown}
 r - a scroll of identify {unknown}
 u - a scroll of blinking {unknown}
Potions
 i - 2 potions of cancellation {unknown}
 k - a potion of haste {unknown}
 l - 2 potions of degeneration {unknown}
 o - 4 potions of mutation {unknown}
 q - a potion of attraction {unknown}
 s - a potion of magic {unknown}


   Skills:
 + Level 5.3 Fighting
 + Level 7.0 Axes
 + Level 6.1 Armour
 + Level 1.3 Dodging
 + Level 0.6 Stealth
 + Level 5.2 Shields


You had 6 spell levels left.
You didn't know any spells.
Your spell library contained the following spells:

 Spells                   Type           Power      Damage    Failure   Level
 Ensorcelled Hibernation  Hex/Ice        0%         N/A       99%         2
 Frozen Ramparts          Ice            0%         1d1       100%        3
 Ozocubu's Armour         Ice            0%         N/A       100%        3
 Passwall                 Erth           0%         N/A       100%        3
 Swiftness                Air            0%         N/A       100%        3
 Metabolic Englaciation   Hex/Ice        0%         N/A       100%        5


Dungeon Overview and Level Annotations

Branches:
Dungeon (6/15)
 Temple: D:4-7

Altars:
Trog

Shops:
D:3 (   D:5 (

Annotations:
D:6 Pikel


Innate Abilities, Weirdness & Mutations

You have a pair of horns on your head.
You reflexively headbutt those who attack you in melee.


Message History

You barely miss Pikel. Your headbutt misses Pikel.
Pikel is lightly wounded.
You hit the ogre. You hit the lemure.
You kill the lemure!
That felt strangely unrewarding.
You hit the lemure but do no damage.
An adder comes into view.
The lemure hits you but does no damage. Pikel hits you but does no damage.
You closely miss Pikel.
Pikel is lightly wounded.
You hit the lemure but do no damage. You barely miss the ogre.
The ogre barely misses you. You furiously retaliate!
You headbutt the ogre. The lemure hits you but does no damage.
Pikel hits you with a +2 whip of flaming!
Pikel burns you.
You barely miss Pikel.
Pikel is lightly wounded.
You closely miss the lemure. You hit the ogre but do no damage.
The ogre hits you with a +0 giant club!!
* * * LOW HITPOINT WARNING * * *
A lemure comes into view.
Pikel hits you with a +2 whip of flaming.
* * * LOW HITPOINT WARNING * * *
Pikel burns you.
* * * LOW HITPOINT WARNING * * *
You feel very mighty all of a sudden. The lemure hits you but does no damage.
The lemure barely misses you. You furiously retaliate!
You headbutt the lemure! Pikel closely misses you.
The ogre hits you with a +0 giant club.
* * * LOW HITPOINT WARNING * * *
Aiming: Polymorph
Press: ? - help, Shift-Dir - straight line, f - ogre
Aim: an ogre, wielding a +0 giant club (lightly wounded, will become a warg, a sky beast, or an ice beast, chance to affect: 49%)
The ogre evaporates and reforms as a sky beast!
The lemure hits you.
* * * LOW HITPOINT WARNING * * *
The lemure barely misses you. Pikel waves his whip at you.
Pikel hits you with a +2 whip of flaming!
You die...
Pikel says, "See you in Hell!"

.......# ##≈≈....#
..≈....# ###≈≈...#
#.......# #.......#
##Y#....###
#@5.......#
#5K###.##.#
#S.##...#.#
..5.#......#
....###...#.########
######
##.##.........
#>##########. #.# #.
#+# #.


You could see Pikel, a sky beast, 3 lemures and an adder.

Vanquished Creatures
  Menkaure (D:5)
  Edmund (D:5)
  A water moccasin (D:5)
  A lemure (D:6)
  2 scorpions
  A hound (D:6)
  A jelly (D:4)
  A gnoll bouda (D:6)
  A sleepcap (D:4)
  An iguana (D:5)
  3 gnolls (D:6)
  6 adders
  A white imp (D:6)
  4 dart slugs
  3 ribbon worms
  5 orcs
  5 bats
  4 endoplasms
  2 giant cockroaches (D:3)
  9 goblins
  11 hobgoblins
  15 jackals
  6 kobolds
  4 quokkas
  6 ball pythons
  4 frilled lizards
  2 rats
101 creatures vanquished.

Notes
Turn   | Place    | Note
-------+----------+-------------------------------------------
     0 | D:1      | Fodor the Minotaur Fighter began the quest for the Orb.
     0 | D:1      | Reached XP level 1. HP: 19/19 MP: 0/0
   190 | D:1      | Reached XP level 2. HP: 27/27 MP: 1/1
   704 | D:2      | Reached XP level 3. HP: 23/33 MP: 2/2
   714 | D:2      | Reached skill level 3 in Axes
   982 | D:2      | Reached XP level 4. HP: 39/40 MP: 3/3
  1555 | D:3      | Reached skill level 4 in Axes
  1839 | D:3      | Found Houmari's Weapon Boutique.
  2290 | D:3      | Found a bloodstained altar of Trog.
  2430 | D:4      | Reached XP level 5. HP: 38/46 MP: 4/4
  2756 | D:4      | Reached skill level 5 in Axes
  3045 | D:5      | Entered Level 5 of the Dungeon
  3060 | D:5      | Found Gidaecuv's Antique Weapon Emporium.
  3061 | D:5      | Noticed a water moccasin
  3063 | D:5      | Noticed Edmund
  3075 | D:5      | Killed a water moccasin
  3076 | D:5      | Reached skill level 5 in Armour
  3076 | D:5      | Reached skill level 1 in Dodging
  3076 | D:5      | Reached XP level 6. HP: 9/53 MP: 5/5
  3084 | D:5      | HP: 2/53 [Edmund/+1 dire flail of protection (8)]
  3087 | D:5      | Killed Edmund
  3088 | D:5      | Reached skill level 6 in Axes
  3088 | D:5      | Reached skill level 5 in Shields
  3278 | D:5      | Noticed Menkaure
  3282 | D:5      | Killed Menkaure
  3283 | D:5      | Reached skill level 5 in Fighting
  3283 | D:5      | Reached XP level 7. HP: 26/61 MP: 6/6
  4047 | D:6      | Reached skill level 7 in Axes
  4247 | D:6      | Noticed Pikel
  4257 | D:6      | HP: 3/61 [lemure[Pikel] (1)]
  4257 | D:6      | Slain by Pikel

Illustrated notes

Levels and vault maps discovered:
D:1:      dpeg_chamrin_arrival_tetris, layout_loops_ring, hex_tiny
D:2:      layout_loops_ring, guppyfry_early_orc_mine
D:3:      layout_basic, lemuel_coloured_pillars_altar, serial_bayou,
          serial_bayou_pond_e, serial_bayou_lagoon_b, serial_bayou_pond_e,
          serial_bayou_pond_a, serial_bayou_pond_c, serial_bayou_pond_b,
          serial_shops, nicolae_shop_trees
D:4:      layout_basic
D:5:      layout_loops_ring, serial_shops, nicolae_shop_overgrown_old_shop,
          uniq_menkaure, uniq_edmund
D:6:      layout_loops_corners, hangedman_decor_clover_reticule,
          grunt_ministairs_4, kb_lookout_dungeons_type, nrook_uturn,
          dreamdust_mushroom_princess, uniq_pikel

Skill      XL: |  1  2  3  4  5  6  7 |
---------------+----------------------+-----
Shields        | 4 5 |  5.2
Fighting       | 4 5 |  5.3
Armour         | 4 5 6 |  6.1
Axes           | 3 4 5 6 7 |  7.0
Dodging        | 1 |  1.3
Stealth        | |  0.6

Action                     |  1- 3 |  4- 6 |  7- 9 || total
---------------------------+-------+-------+-------++-------
  Melee: War axe           |    83 |    81 |    41 ||   205
         Headbutt          |     7 |    10 |    11 ||    28
  Evoke: Wand              |       |       |     1 ||     1
    Use: Potion            |       |     2 |     1 ||     3
 Armour: Scale mail        |    79 |    28 |       ||   107
         Chain mail        |       |    39 |    40 ||    79
  Dodge: Dodged            |    55 |    32 |    28 ||   115
  Block: Buckler           |    30 |    17 |    11 ||    58

Table legend: (Time is in decaauts)
 A = Elapsed time spent in this place.
 B = Non-inter-level travel time spent in this place.
 C = Inter-level travel time spent in this place.
 D = Time resting spent in this place.
 E = Time spent auto-exploring this place.
 F = Levels seen in this place.
 G = Mean time per level.
                   A        B        C        D        E       F      G
               +--------+--------+--------+--------+--------+-----+--------+
         Total |   4338 |   4286 |     52 |    295 |   2939 |   6 |  723.0 |
       Dungeon |   4338 |   4286 |     52 |    295 |   2939 |   6 |  723.0 |
               +--------+--------+--------+--------+--------+-----+--------+

Top non-repeatable levels by time:
     D:5: 942 daAuts
     D:2: 878 daAuts
     D:3: 806 daAuts
     D:4: 740 daAuts
     D:1: 687 daAuts
     D:6: 282 daAuts
